 Dungeon Sprint DCSS version 0.18-b1-20-g17449fe (webtiles) character file.

11786 LORDOFBUTT the Brawler (level 11, -1/126 HPs)
             Began as a Troll Berserker on May 3, 2016.
             Was the Champion of Trog.
             Slain by an orc knight
             ... wielding a +0 bardiche
              (26 damage)
             ... in the Dungeon (Sprint IX: "|||||||||||||||||||||||||||||").
             The game lasted 00:04:17 (1191 turns).

LORDOFBUTT the Brawler (Troll Berserker)            Turns: 1191, Time: 00:04:18

Health: -1/126     AC:  8    Str: 27    XL:     11   Next: 53%
Magic:  10/10      EV: 17    Int:  6    God:    Trog [******]
Gold:   1330       SH:  0    Dex: 12    Spells: 0 memorised, 10 levels left

rFire  . . .     SeeInvis .     w - +6 giant club of the Ancient Lives {drain, *Drain +Rage Stlth+}
rCold  . . .     Gourm    +     a - +0 animal skin
rNeg   . . .     Faith    .     (shield currently unavailable)
rPois  .         Spirit   .     (helmet restricted)
rElec  .         Dismiss  .     v - +0 cloak
rCorr  .         Reflect  .     (gloves unavailable)
SustAt .         Harm     .     (boots unavailable)
MR     .....     NoTele   +     (no amulet)
Stlth  +++.......               m - +3 ring of intelligence
                                l - +2 ring of protection

@: not resistant to hostile enchantments, fairly stealthy
A: unfitting armour, claws 3, fast metabolism 3, gourmand, regeneration 2,
shaggy fur 1, tough skin 2
a: Berserk, Trog's Hand, Brothers in Arms, Burn Spellbooks, Renounce Religion,
Evoke Berserk Rage


You were in the Dungeon.
You worshipped Trog.
Trog was exalted by your worship.
You were hungry.

You visited 1 branch You collected 1330 gold pieces.

Inventory:

Hand Weapons
 w - the +6 giant club of the Ancient Lives (weapon) {drain, *Drain +Rage Stlth+}
   (Trog gifted it to you in the Dungeon)

   A truly terrible weapon, it drains the life of those it strikes.
   It lets you go berserk.
   It causes draining when unequipped.
   It makes you more stealthy.
Armour
 a - a +0 animal skin (worn)
 v - a +0 cloak (worn)
Jewellery
 l - a +2 ring of protection (left claw)
 m - a +3 ring of intelligence (right claw)
Wands
 k - a wand of acid (7/15)
Scrolls
 h - 3 scrolls of blinking
 j - 3 scrolls of remove curse
 p - 3 scrolls of fear
 q - a scroll of identify
 r - a scroll of fog
 s - 2 scrolls of enchant weapon
Potions
 c - 5 potions of curing
 d - 5 potions of heal wounds
 e - a potion of haste
 f - 4 potions of magic
 g - a potion of berserk rage
 i - a potion of invisibility
 n - 2 potions of agility
 o - a potion of resistance
Comestibles
 b - 15 bread rations
 t - 40 fruits
 u - 12 meat rations


   Skills:
 - Level 12.8 Fighting
 * Level 0.1 Maces & Flails
 - Level 14.5 Dodging
 - Level 3.5 Stealth
 - Level 16.4 Unarmed Combat


You had 10 spell levels left.
You didn't know any spells.

Dungeon Overview and Level Annotations

Branches:
Dungeon (1/1)

Altars:
Cheibriados
Dithmenos
Elyvilon
Fedhas
Gozag
Kikubaaqudgha
Makhleb
Nemelex Xobeh
Okawaru
Pakellas
Qazlal
Ru
Sif Muna
Trog
Vehumet
Xom
Yredelemnul
Zin
The Shining One
Beogh
Jiyva
Lugonu

Shops:
D [*[=


Innate Abilities, Weirdness & Mutations

You are too large for most types of armour.
You have claws for hands.
Your metabolism is lightning-fast.
You like to eat raw meat.
You heal very quickly.
You are covered in fur (AC +1).
You have very tough skin (AC +2).


Message History

There is an entrance to Mieky's General Store here.
An orc high priest comes into view. It is wielding a long sword.
The orc knight shouts!
The orc high priest picks up some gold.
An orc knight comes into view. It is wielding a great sword.
The orc knight shouts!
There is an entrance to Puguhagg's Armour Emporium here.
The orc high priest shouts!
You hit the orc knight but do no damage.
The orc knight hits you with a war axe!!
The orc knight hits you from afar with a bardiche!
You bludgeon the orc knight!! You drain the orc knight!
The orc knight is heavily wounded.
You feel less exhausted.
The orc knight roars a battlecry!
The orc knight goes into a battle-frenzy!
The orc knight hits you with a war axe!
* * * LOW HITPOINT WARNING * * *
The orc knight hits you from afar with a bardiche!!
You die...

_____'.?|)[[[..)).....').....'...
▓▓▓▓▓▓▓▓▓▓▓▓▓▓▓▓▓▓▓▓▓▓▓▓▓▓▓▓▓▓▓▓▓
.................................
▓▓▓▓▓▓▓▓▓▓▓▓▓▓▓▓▓▓▓▓▓▓▓▓▓▓▓▓▓▓▓▓▓
.......)††......).).'..[[.[..'...
▓▓▓▓▓▓▓▓▓▓▓▓▓▓▓▓▓▓▓▓▓▓▓▓▓▓▓▓▓▓▓▓▓
.................................
▓▓▓▓▓▓▓▓▓▓▓▓▓▓▓▓▓▓▓▓▓▓▓▓▓▓▓▓▓▓▓▓▓
......)))))$∩)∩.@oooo$o.
▓▓▓▓▓▓▓▓▓▓▓▓▓▓▓▓▓▓▓▓▓▓▓▓


You could see 3 orc knights and 2 orc high priests.

Vanquished Creatures
  5 orc high priests (D)
  A hill giant (D)
  8 orc knights (D)
  An ugly thing (D)
  An elephant (D)
  A black mamba (D)
  A spiny frog (D)
  A komodo dragon (D)
  A yak (D)
  2 hippogriffs (D)
  A warg (D)
  5 water moccasins (D)
  4 hell hounds (D)
  6 orc warriors (D)
  An ice beast (D)
  A sky beast (D)
  A necrophage (D)
  3 wolves (D)
  A centaur (D)
  3 crocodiles (D)
  4 giant frogs (D)
  A hound (D)
  2 orc priests (D)
  3 orc wizards (D)
  2 river rats (D)
  An adder (D)
  An adder zombie (D)
  An adder skeleton (D)
  A worm (D)
  A dart slug (D)
  10 orcs (D)
  A giant cockroach (D)
  A hobgoblin (D)
  A jackal (D)
  A jackal zombie (D)
  2 kobolds (D)
81 creatures vanquished.

Notes
Turn   | Place    | Note
--------------------------------------------------------------
     0 | D        | LORDOFBUTT the Troll Berserker began the quest for the Orb.
     0 | D        | Reached XP level 1. HP: 22/22 MP: 0/0
    10 | D        | Reached ** piety under Trog
    19 | D        | Noticed a centaur
    19 | D        | Noticed a necrophage
    25 | D        | Killed a centaur
    25 | D        | Reached *** piety under Trog
    25 | D        | Reached skill level 5 in Unarmed Combat
    25 | D        | Reached XP level 2. HP: 30/33 MP: 1/1
    25 | D        | Reached XP level 3. HP: 37/40 MP: 2/2
    25 | D        | Reached XP level 4. HP: 45/49 MP: 3/3
    29 | D        | Killed a necrophage
    29 | D        | Reached skill level 5 in Fighting
    29 | D        | Reached skill level 5 in Dodging
    29 | D        | Reached skill level 6 in Unarmed Combat
    29 | D        | Reached XP level 5. HP: 46/57 MP: 4/4
    35 | D        | Reached **** piety under Trog
    35 | D        | Reached skill level 7 in Unarmed Combat
    40 | D        | Found a glowing silver altar of Zin.
    40 | D        | Found a glowing golden altar of the Shining One.
    40 | D        | Found an ancient bone altar of Kikubaaqudgha.
    40 | D        | Found a basalt altar of Yredelemnul.
    40 | D        | Found a shimmering altar of Xom.
    40 | D        | Found a radiant altar of Vehumet.
    41 | D        | Found an iron altar of Okawaru.
    42 | D        | Found a burning altar of Makhleb.
    43 | D        | Found a deep blue altar of Sif Muna.
    44 | D        | Found a bloodstained altar of Trog.
    45 | D        | Found a sparkling altar of Nemelex Xobeh.
    46 | D        | Found a white marble altar of Elyvilon.
    47 | D        | Found a roughly hewn altar of Beogh.
    48 | D        | Found a viscous altar of Jiyva.
    49 | D        | Found a corrupted altar of Lugonu.
    50 | D        | Found a blossoming altar of Fedhas.
    51 | D        | Found a snail-covered altar of Cheibriados.
    52 | D        | Found a shadowy altar of Dithmenos.
    53 | D        | Found a stormy altar of Qazlal.
    54 | D        | Found an opulent altar of Gozag.
    55 | D        | Found a sacrificial altar of Ru.
    56 | D        | Found an oddly glowing altar of Pakellas.
    82 | D        | Noticed an ice beast
    82 | D        | Noticed a water moccasin
    82 | D        | Noticed a sky beast
    82 | D        | Noticed a hill giant
    88 | D        | Killed an ice beast
    88 | D        | Reached XP level 6. HP: 68/68 MP: 5/5
    92 | D        | Killed a hill giant
    92 | D        | Reached skill level 10 in Unarmed Combat
    92 | D        | Reached XP level 7. HP: 42/80 MP: 6/6
   100 | D        | Reached ***** piety under Trog
   108 | D        | Received a gift from Trog
   109 | D        | Reached XP level 8. HP: 30/89 MP: 7/7
   230 | D        | Noticed a white ugly thing
   242 | D        | Killed a white ugly thing
   242 | D        | Reached skill level 10 in Dodging
   242 | D        | Reached skill level 11 in Unarmed Combat
   404 | D        | Received a gift from Trog
   413 | D        | Reached XP level 9. HP: 90/101 MP: 8/8
   428 | D        | Reached skill level 12 in Unarmed Combat
   529 | D        | Noticed an elephant
   529 | D        | Noticed a black mamba
   529 | D        | Noticed a spiny frog
   529 | D        | Noticed a komodo dragon
   538 | D        | Reached ****** piety under Trog
   538 | D        | Reached skill level 10 in Fighting
   543 | D        | Killed an elephant
   543 | D        | Received a gift from Trog
   543 | D        | Reached skill level 1 in Stealth
   546 | D        | Killed a black mamba
   546 | D        | Received a gift from Trog
   548 | D        | Killed a spiny frog
   552 | D        | Killed a komodo dragon
   552 | D        | Reached skill level 13 in Unarmed Combat
   556 | D        | Reached XP level 10. HP: 111/111 MP: 9/9
   635 | D        | Received a gift from Trog
   787 | D        | Received a gift from Trog
   803 | D        | Received a gift from Trog
   803 | D        | Reached skill level 14 in Unarmed Combat
   879 | D        | Noticed an orc knight
   879 | D        | Noticed an orc knight
   880 | D        | Noticed an orc knight
   887 | D        | Killed an orc knight
   888 | D        | Noticed an orc knight
   894 | D        | Noticed an orc knight
   900 | D        | Killed an orc knight
   908 | D        | Killed an orc knight
   908 | D        | Received a gift from Trog
   920 | D        | Killed an orc knight
   961 | D        | Killed an orc knight
   961 | D        | Reached skill level 15 in Unarmed Combat
  1116 | D        | Found Huqixor's Antique Armour Emporium.
  1116 | D        | Noticed an orc knight
  1116 | D        | Noticed an orc high priest
  1116 | D        | Noticed an orc high priest
  1116 | D        | Noticed an orc knight
  1116 | D        | Noticed an orc high priest
  1118 | D        | Noticed an orc high priest
  1120 | D        | Noticed an orc high priest
  1124 | D        | Killed an orc knight
  1124 | D        | Reached XP level 11. HP: 123/123 MP: 10/10
  1132 | D        | Killed an orc high priest
  1137 | D        | Killed an orc high priest
  1138 | D        | Found Mieky's General Store.
  1143 | D        | Killed an orc knight
  1146 | D        | Killed an orc high priest
  1146 | D        | Received a gift from Trog
  1146 | D        | Reached skill level 16 in Unarmed Combat
  1150 | D        | Found Puguhagg's Armour Emporium.
  1154 | D        | Killed an orc high priest
  1158 | D        | Killed an orc high priest
  1159 | D        | Noticed an orc knight
  1169 | D        | Got an ivory giant club {god gift}
  1170 | D        | Identified the +6 giant club of the Ancient Lives {drain, *Drain +Rage Stlth+} (Trog gifted it to you in the Dungeon)
  1173 | D        | Found Wizxoliph's Jewellery Shoppe.
  1174 | D        | Noticed an orc knight
  1185 | D        | Killed an orc knight
  1186 | D        | Noticed an orc knight
  1187 | D        | Noticed an orc high priest
  1188 | D        | Noticed an orc high priest
  1189 | D        | Noticed an orc knight
  1191 | D        | Slain by an orc knight

Skill      XL: |  1  2  3  4  5  6  7  8  9 10 11 |
---------------+----------------------------------+-----
Fighting       | 4 5 6 8 9 10 11 12 | 12.8
Dodging        | 4 5 6 8 9 11 12 13 14 | 14.5
Unarmed Combat | 5 6 7 10 11 13 15 16 | 16.4
Stealth        | 1 2 3 |  3.5
Maces & Flails | |  0.1

Action                   |  1- 3 |  4- 6 |  7- 9 | 10-12 || total
-------------------------+-------+-------+-------+-------++-------
Melee: Unarmed           |    14 |    18 |    83 |   143 ||   258
       Punch             |       |     1 |     5 |     9 ||    15
       Giant club        |       |       |       |    11 ||    11
Invok: Berserk           |       |       |     4 |     3 ||     7
  Use: Potion            |       |       |       |     3 ||     3
 Stab: Distracted        |       |       |       |     1 ||     1
  Eat: Chunk             |       |       |    14 |     1 ||    15
Armor: Animal skin       |     6 |     2 |    21 |     7 ||    36
Dodge: Dodged            |     8 |     4 |    31 |    77 ||   120
